 Dungeon Crawl Stone Soup version 0.24-a0-584-g9d6b971ae4 (webtiles) character file.

Game seed: 17790888544411357409, levelgen mode: deterministic

30 MordorOrchid the Grave Robber (level 3, -4/28 HPs)
             Began as a Draconian Necromancer on Sept 4, 2019.
             Slain by a worm (10 damage)
             ... on level 2 of the Dungeon.
             The game lasted 00:04:59 (1564 turns).

MordorOrchid the Grave Robber (DrNe)                Turns: 1564, Time: 00:04:59

Health: -4/28      AC:  5    Str: 10    XL:     3   Next: 5%
Magic:  0/6        EV: 12    Int: 16    God:
Gold:   49         SH:  0    Dex: 11    Spells: 4/6 levels left

rFire    . . .     SeeInvis .   d - +0 dagger
rCold    . . .     Gourm    .   (no shield)
rNeg     . . .     Faith    .   (armour unavailable)
rPois    .         Spirit   .   (helmet restricted)
rElec    .         Reflect  .   (no cloak)
rCorr    .         Harm     .   (no gloves)
MR       .....                  (no boots)
Stlth    ++........             (no amulet)
HPRegen  0.09/turn              (no ring)
MPRegen  0.10/turn              (no ring)

@: no status effects
A: unfitting armour, cold-blooded, AC +5
a: no special abilities


You were on level 2 of the Dungeon.
You were hungry.

You visited 1 branch of the dungeon, and saw 2 of its levels.

You collected 49 gold pieces.

Inventory:

Hand Weapons
 d - a +0 dagger (weapon)
Missiles
 e - 69 bolts
 g - 35 stones (quivered)
Jewellery
 a - an uncursed ring of see invisible {unknown}
 i - an uncursed amulet of guardian spirit {unknown}
Scrolls
 f - a scroll of fear {unknown}
Potions
 c - a potion of haste
Comestibles
 b - 2 rations


   Skills:
 * Level 1.4 Fighting
 * Level 1.0 Short Blades
 * Level 2.2 Dodging
 * Level 2.3 Stealth
 - Level 2.0 Spellcasting
 - Level 4.0 Necromancy


You had 4 spell levels left.
You knew the following spells:

 Your Spells              Type           Power        Failure   Level  Hunger
a - Pain                  Necr           ##..         4%          1    #......
u - Animate Skeleton      Necr           N/A          4%          1    #......

Your spell library contained the following spells:

 Spells                   Type           Power        Failure   Level  Hunger
 Vampiric Draining        Necr           ##........   12%         3    ###....
 Regeneration             Chrm/Necr      #.........   26%         3    ###....
 Animate Dead             Necr           N/A          36%         4    #####..


Dungeon Overview and Level Annotations

Branches:
Dungeon (2/15)

Altars:


Innate Abilities, Weirdness & Mutations

Your plain brown scales are hard. (AC +5)
You cannot fit into any form of body armour.
You are cold-blooded and may be slowed by cold attacks.


Message History

The worm is heavily wounded.
You hit the worm but do no damage.
The worm is heavily wounded.
The worm closely misses you.
Your magical contamination has completely faded away.
Casting: Pain (safe; 4% risk of failure)
Confirm with . or Enter, or press ? or * to list all spells.
Aiming: Pain (safe; 4% risk of failure)
Press: ? - help, Shift-Dir - straight line, f/p - worm
Aim: a worm (heavily wounded, chance to defeat MR: 79%)
The worm writhes in agony.
You hit the worm.
You tail-slap the worm, but do no damage.
The worm is severely wounded.
The worm bites you.
* * * LOW HITPOINT WARNING * * *
You hit the worm.
The worm is severely wounded.
The worm bites you!
You die...

#.#...##
#.#....
#.#...#
#.....##
#..#<..#
#.....##
##.#.#####
#.......#
#######@#
#w# #.#
#.# #.##
#..# ##.#
#.# #.#


You could see a worm.

Vanquished Creatures
  2 dart slugs (D:2)
  A leopard gecko (D:1)
  4 bats
  3 goblins (D:1)
  4 hobgoblins
  4 frilled lizards (D:1)
  5 kobolds
  3 rats (D:1)
26 creatures vanquished.

Notes
Turn   | Place    | Note
-------+----------+-------------------------------------------
     0 | D:1      | MordorOrchid the Draconian Necromancer began the quest for
                  | the Orb.
     0 | D:1      | Reached XP level 1. HP: 14/14 MP: 3/3
     2 | D:1      | Learned a level 1 spell: Animate Skeleton
   262 | D:1      | Reached XP level 2. HP: 22/22 MP: 5/5
   492 | D:1      | Reached skill level 1 in Fighting
   983 | D:1      | You fall into a shaft and drop 1 floor!
  1007 | D:2      | Reached skill level 1 in Short Blades
  1095 | D:2      | Noticed a crimson imp
  1110 | D:2      | Reached XP level 3. HP: 22/28 MP: 2/6
  1210 | D:2      | HP: 1/28 [crimson imp (3)]
  1564 | D:2      | Slain by a worm

Levels and vault maps discovered:
D:1:      elethiomel_arrival_maze, layout_basic
D:2:      minmay_wonky_spiral, layout_basic

Skill      XL: |  1  2 |
---------------+-------+-----
Dodging        | 2 |  2.2
Stealth        | 2 |  2.3
Fighting       | 1 |  1.4
Short Blades   | 1 |  1.0
Spellcasting   | |  2.0
Necromancy     | |  4.0

Action                   || total
-------------------------++-------
Melee: Dagger            ||   110
       Tailslap          ||    11
 Cast: Pain              ||    34
       Animate Skeleton  ||     6
  Use: Potion            ||     1
 Stab: Sleeping          ||     4
  Eat: Chunk             ||     2
Armor: Skin              ||    23
Dodge: Dodged            ||    32

Table legend:
 A = Non-vault XP
 B = Vault XP
 C = Vault XP percentage of total XP
 D = Non-vault monster count
 E = Vault monster count
 F = Vault count percentage of total count
                 A         B        C        D         E       F
            +---------+---------+-------+---------+---------+-------
      Total |      44 |       0 |   0.0 |      26 |       0 |   0.0
            +---------+---------+-------+---------+---------+-------
        D:1 |      30 |       0 |   0.0 |      20 |       0 |   0.0
        D:2 |      14 |       0 |   0.0 |       6 |       0 |   0.0
            +---------+---------+-------+---------+---------+-------
